 Dungeon Crawl Stone Soup version 0.25-a0-424-g80bd347ae0 (console) character file.

Game seed: 6947287383121680564, levelgen mode: deterministic

32 Kagalorn the Gusty (level 3, -1/24 HPs)
             Began as a Human Air Elementalist on Jan 20, 2020.
             Was an Initiate of Qazlal.
             Slain by a hobgoblin
             ... wielding a +0 club
              (2 damage)
             ... on level 1 of the Dungeon.
             The game lasted 00:03:13 (879 turns).

Kagalorn the Gusty (Human Air Elementalist)          Turns: 879, Time: 00:03:13

Health: -1/24      AC:  3    Str:  8    XL:     3   Next: 45%
Magic:  2/6        EV: 18    Int: 16    God:    Qazlal [......]
Gold:   12         SH:  0    Dex: 18    Spells: 5/6 levels left

rFire    . . .     SeeInvis .   a - +0 dagger
rCold    . . .     Gourm    .   (no shield)
rNeg     . . .     Faith    .   g - +0 robe
rPois    .         Spirit   .   (no helmet)
rElec    .         Reflect  .   (no cloak)
rCorr    .         Harm     .   (no gloves)
MR       .....                  f - +0 pair of boots
Stlth    +++.......             (no amulet)
HPRegen  0.08/turn              (no ring)
MPRegen  0.10/turn              (no ring)

@: agile
A: no striking features
a: Renounce Religion


You were on level 1 of the Dungeon.
You worshipped Qazlal.
Qazlal was noncommittal.
You were hungry.

You visited 1 branch of the dungeon, and saw 2 of its levels.

You collected 12 gold pieces.

Inventory:

Hand Weapons
 a - a +0 dagger (weapon)
Missiles
 e - 33 stones (quivered)
 h - 2 throwing nets
Armour
 f - a +0 pair of boots (worn)
 g - a +0 robe (worn)
Jewellery
 d - an uncursed ring of protection from cold {unknown}
Scrolls
 j - a scroll of teleportation {unknown}
 k - a scroll of identify {unknown}
Comestibles
 c - 3 rations


   Skills:
 - Level 2.0 Dodging
 - Level 2.0 Stealth
 + Level 2.2 Spellcasting
 * Level 1.5 Conjurations
 * Level 3.8 Air Magic


You had 5 spell levels left.
You knew the following spells:

 Your Spells              Type           Power        Failure   Level  Hunger
a - Shock                 Conj/Air       ##..         7%          1    #......

Your spell library contained the following spells:

 Spells                   Type           Power        Failure   Level  Hunger
 Swiftness                Chrm/Air       #.......     14%         2    ###....
 Static Discharge         Conj/Air       ##......     21%         3    ###....
 Airstrike                Air            ##........   38%         4    #####..
 Lightning Bolt           Conj/Air       ##........   88%         5    ######.


Dungeon Overview and Level Annotations

Branches:
Dungeon (2/15)

Altars:
Qazlal


Message History

Aim: a hobgoblin, wielding a +0 club (heavily wounded)
The zap hits the hobgoblin.
The hobgoblin is severely wounded.
The goblin hits you.
* * * LOW HITPOINT WARNING * * *
The hobgoblin barely misses you.
All of the chunks of flesh in your inventory have rotted away.
Casting: Shock (safe; 7% risk of failure)
Confirm with . or Enter, or press ? or * to list all spells.
Aiming: Shock (safe; 7% risk of failure)
Press: ? - help, Shift-Dir - straight line, f/p - hobgoblin
Aim: a hobgoblin, wielding a +0 club (severely wounded)
The zap misses the hobgoblin.
The goblin hits you.
* * * LOW HITPOINT WARNING * * *
The hobgoblin hits you but does no damage.
Okay, then.
It was a potion of agility.
You feel agile all of a sudden. The goblin closely misses you.
The hobgoblin hits you with a +0 club.
You die...

## #.
#################.
#@g.†.............
#g#############.#.
#.# ### #.#.
#.#####.#######.#.
#.................
##.#####...........
#.....##.#######...
#.....##.# #...
#.....##.# ##..


You could see a hobgoblin and a goblin.

Vanquished Creatures
  3 dart slugs (D:1)
  3 giant cockroaches (D:1)
  4 hobgoblins
  7 kobolds (D:1)
  3 ball pythons (D:1)
  A frilled lizard (D:1)
  4 rats (D:1)
25 creatures vanquished.

Notes
Turn   | Place    | Note
-------+----------+-------------------------------------------
     0 | D:1      | Kagalorn the Human Air Elementalist began the quest for the
                  | Orb.
     0 | D:1      | Reached XP level 1. HP: 13/13 MP: 3/3
   112 | D:1      | Reached XP level 2. HP: 15/19 MP: 0/5
   497 | D:1      | Reached XP level 3. HP: 24/24 MP: 1/6
   854 | D:2      | Found a stormy altar of Qazlal.
   856 | D:2      | Became a worshipper of Qazlal Stormbringer
   877 | D:1      | HP: 1/24 [goblin (3)]
   879 | D:1      | Slain by a hobgoblin

Levels and vault maps discovered:
D:1:      onia_arrival_handbag, layout_basic
D:2:      layout_loops_ring, overflow_temple_1_default,
          chequers_serial_rivers_micro_c

Action                   || total
-------------------------++-------
Melee: Unarmed           ||     1
       Dagger            ||    63
 Cast: Shock             ||    35
  Use: Potion            ||     1
 Stab: Sleeping          ||     4
Armor: Robe              ||    21
Dodge: Dodged            ||    45

Table legend:
 A = Non-vault XP
 B = Vault XP
 C = Vault XP percentage of total XP
 D = Non-vault monster count
 E = Vault monster count
 F = Vault count percentage of total count
                 A         B        C        D         E       F
            +---------+---------+-------+---------+---------+-------
      Total |      42 |       5 |  10.6 |      21 |       4 |  16.0
            +---------+---------+-------+---------+---------+-------
        D:1 |      40 |       5 |  11.1 |      20 |       4 |  16.7
        D:2 |       2 |       0 |   0.0 |       1 |       0 |   0.0
            +---------+---------+-------+---------+---------+-------
